 Dungeon Crawl Stone Soup version 0.23.1 (webtiles) character file.

Game seed: 1970245963111607722

249 robba the Firebug (level 5, 0/39 HPs)
             Began as a Draconian Fire Elementalist on Mar 3, 2019.
             Was an Initiate of Vehumet.
             Slain by a vampire (9 damage)
             ... on level 4 of the Dungeon.
             The game lasted 00:28:26 (2744 turns).

robba the Firebug (Draconian Fire Elementalist)     Turns: 2744, Time: 00:28:27

Health: 0/39       AC:  9    Str: 10    XL:     5   Next: 86%
Magic:  5/8        EV: 12    Int: 17    God:    Vehumet [......]
Gold:   144        SH:  0    Dex: 11    Spells: 3/9 levels left

rFire    . . .     SeeInvis .   t - +0 long sword
rCold    . . .     Gourm    .   (no shield)
rNeg     . . .     Faith    +   (armour unavailable)
rPois    .         Spirit   .   n - +2 hat
rElec    .         Reflect  .   (no cloak)
rCorr    .         Harm     .   s - +1 pair of gloves
MR       .....                  (no boots)
Stlth    +.........             c - amulet of faith
HPRegen  0.13/turn              (no ring)
MPRegen  0.11/turn              (no ring)

@: confused, very slightly contaminated
A: unfitting armour, cold-blooded, AC +5
a: Renounce Religion


You were on level 4 of the Dungeon.
You worshipped Vehumet.
Vehumet was noncommittal.
You were not hungry.

You visited 1 branch of the dungeon, and saw 4 of its levels.

You collected 144 gold pieces.

Inventory:

Hand Weapons
 a - a +0 dagger
 j - a +0 whip
 t - a +0 long sword (weapon)
Missiles
 i - 86 stones (quivered)
Armour
 n - a +2 hat (worn)
 s - a +1 pair of gloves (worn)
Jewellery
 c - an amulet of faith (around neck)
Scrolls
 d - 5 scrolls of remove curse
 f - a scroll of fear
 h - a scroll of enchant armour
 k - a scroll of blinking {unknown}
 l - a scroll of random uselessness
 m - 4 scrolls of identify
 q - a scroll of enchant weapon
Potions
 e - 3 potions of heal wounds
 g - 2 potions of mutation
 p - a potion of flight {unknown}
Comestibles
 b - 7 rations
 o - a chunk of flesh


   Skills:
 + Level 0.8 Fighting
 + Level 0.8 Long Blades
 + Level 0.9 Maces & Flails
 + Level 2.6 Dodging
 + Level 2.8 Stealth
 + Level 2.5 Spellcasting
 + Level 2.7 Conjurations
 + Level 4.3 Fire Magic


You had 3 spell levels left.
You knew the following spells:

 Your Spells              Type           Power        Failure   Level  Hunger
a - Flame Tongue          Conj/Fire      ##...        4%          1    #......
b - Throw Flame           Conj/Fire      ##....       7%          2    ##.....
c - Inner Flame           Hex/Fire       #.......     22%         3    ###....

Your spell library contained the following spells:

 Spells                   Type           Power        Failure   Level  Hunger
 Conjure Flame            Conj/Fire      ##......     13%         3    ###....
 Sticky Flame             Conj/Fire      ##......     41%         4    #####..
 Fireball                 Conj/Fire      ##........   77%         5    ######.


Dungeon Overview and Level Annotations

Branches:
Dungeon (4/15)
 Temple: D:4-7

Altars:
Sif Muna
Vehumet
Wu Jian
Xom


Innate Abilities, Weirdness & Mutations

Your plain brown scales are hard. (AC +5)
You cannot fit into any form of body armour.
You are cold-blooded and may be slowed by cold attacks.


Message History

Aim: a vampire The flame tongue hits the vampire.
The vampire is lightly damaged.
Casting: Flame Tongue (safe; 4% risk of failure)
Confirm with . or Enter, or press ? or * to list all spells.
Aiming: Inner Flame (safe; 22% risk of failure)
Press: ? - help, Shift-Dir - straight line, f/p - vampire
Aim: a vampire (lightly damaged, chance to defeat MR: 38%)
You miscast Inner Flame.
You are very lightly contaminated with residual magic.
Your hands glow momentarily.
You hit the vampire but do no damage. The vampire hits you!
The vampire bites you.
* * * LOW HITPOINT WARNING * * *
The vampire draws strength from your injuries!
The vampire casts a spell at you.
You are confused.
You hit the vampire but do no damage. The vampire barely misses you.
The vampire bites you!
You die...

..###...............
###...........##...... #..
.>.......#....#.....#####...
......................<.....
#..................##......
...........#......##....## . ..
.# #.....###.............## .
..##.##......#................
.#. ..........#V@................
.#. #.......#####...............
#..# #........##.....###..#....##
....####.##.......#..#....##.....
.>...#.......#....#.......##.....
..##........##....###....##......
#.##................##...##......
................#........##......
##..............######.......#...


You could see a vampire.

Vanquished Creatures
  A jelly (D:4)
  A hound (D:4)
  2 worker ants (D:4)
  8 adders
  2 worms
  2 dart slugs
  4 orcs
  4 giant cockroaches
  8 goblins
  5 hobgoblins
  4 jackals (D:2)
  8 kobolds
  2 ball pythons (D:2)
  4 bats
  2 frilled lizards
  9 rats
66 creatures vanquished.

Notes
Turn   | Place    | Note
-------+----------+-------------------------------------------
     0 | D:1      | robba the Draconian Fire Elementalist began the quest for
                  | the Orb.
     0 | D:1      | Reached XP level 1. HP: 14/14 MP: 3/3
   206 | D:1      | Reached XP level 2. HP: 20/20 MP: 3/5
   212 | D:1      | Learned a level 2 spell: Throw Flame
   662 | D:2      | Reached XP level 3. HP: 15/26 MP: 3/6
   683 | D:2      | Found an ornate altar of the Wu Jian Council.
  1006 | D:2      | Found a deep blue altar of Sif Muna.
  1128 | D:2      | Found a shimmering altar of Xom.
  1130 | D:2      | Reached XP level 4. HP: 33/33 MP: 1/7
  1630 | D:3      | Learned a level 3 spell: Inner Flame
  1945 | D:3      | Reached XP level 5. HP: 35/39 MP: 4/8
  2268 | D:4      | Found a radiant altar of Vehumet.
  2650 | D:4      | Reached skill level 4 in Fire Magic
  2698 | D:4      | Became a worshipper of Vehumet
  2733 | D:4      | Noticed a vampire
  2744 | D:4      | Slain by a vampire

Skill      XL: |  1  2  3  4  5 |
---------------+----------------+-----
Stealth        | 2 |  2.8
Dodging        | 2 |  2.6
Conjurations   | 2 |  2.7
Fire Magic     | 4 |  4.3
Fighting       | |  0.8
Long Blades    | |  0.8
Maces & Flails | |  0.9
Spellcasting   | |  2.5

Action                   |  1- 3 |  4- 6 || total
-------------------------+-------+-------++-------
Melee: Club              |    54 |       ||    54
       Unarmed           |    14 |       ||    14
       Whip              |    29 |    60 ||    89
       Tailslap          |     1 |    15 ||    16
       Long sword        |       |    50 ||    50
 Cast: Flame Tongue      |     9 |     8 ||    17
       Throw Flame       |    18 |    22 ||    40
       Inner Flame       |       |     1 ||     1
  Use: Scroll            |     2 |     6 ||     8
  Eat: Chunk             |     2 |     7 ||     9
Armor: Skin              |    34 |    58 ||    92
Dodge: Dodged            |    77 |   100 ||   177
       Rpst.: Long sword |       |    14 ||    14
